 Dungeon Crawl Stone Soup version 0.27-a0-457-gba82baf56e (webtiles) character file.

Game seed: 606883940279405057

9 Chiseanne the Bolt Thrower (level 2, 21/21 HPs)
             Began as a Demonspawn Wanderer on Feb 28, 2021.
             Quit the game on level 1 of the Dungeon.
             The game lasted 00:00:46 (454 turns).

Chiseanne the Bolt Thrower (Demonspawn Wanderer)     Turns: 454, Time: 00:00:47

Health: 21/21      AC:  3    Str: 12    XL:     2   Next: 6%
Magic:  1/3        EV: 11    Int: 14    God:
Gold:   15         SH:  0    Dex: 11    Spells: 2/2 levels left

rFire    . . .     SeeInvis .   a - +2 hand crossbow
rCold    . . .     Faith    .   (no shield)
rNeg     . . .     Spirit   .   i - +0 leather armour
rPois    .         Reflect  .   (helmet restricted)
rElec    .         Harm     .   (no cloak)
rCorr    .         Rampage  .   (no gloves)
Will     .....                  (no boots)
Stlth    +.........             (no amulet)
HPRegen  0.07/turn              (no ring)
MPRegen  0.08/turn              (no ring)

@: no status effects
A: horns 1
a: no special abilities


You were on level 1 of the Dungeon.
You visited 1 branch of the dungeon, and saw 1 of its levels.

You collected 15 gold pieces.

Inventory:

Hand Weapons
 a - a +2 hand crossbow (weapon)
 c - a +0 hand axe
 f - a +0 dagger
Missiles
 b - 16 bolts (quivered ammo)
Armour
 i - a +0 leather armour (worn)
Scrolls
 g - a scroll of enchant weapon {unknown}
 h - a scroll of teleportation {unknown}
Potions
 d - a potion of curing


   Skills:
 * Level 1.4 Fighting
 - Level 2.6 Crossbows
 - Level 1.0 Armour
 * Level 2.0 Dodging
 - Level 1.7 Stealth
 - Level 1.0 Shields
 * Level 0.7 Spellcasting


You had 2 spell levels left.
You didn't know any spells.
Your spell library was empty.

Dungeon Overview and Level Annotations

Branches:
Dungeon (1/15)

Altars:


Innate Abilities, Weirdness & Mutations

You have a pair of small horns on your head.


Message History

Your Dodging skill increases to level 2!
No target in view!
No target in view!
No target in view!
No target in view!
No target in view!
No target in view!
No target in view!
No target in view!
No target in view!
No target in view!
No target in view!
No target in view!
No target in view!
No target in view!
No target in view!
No target in view!
No target in view!
No target in view!
No target in view!
No target in view!
No target in view!
You start removing your armour.
You continue taking off your +0 leather armour. x4
You finish taking off your +0 leather armour.
You drop a +0 leather armour.
A dart slug comes into view.
Found 25 arrows and a green potion.
You see here a +0 leather armour.
i - a +0 leather armour You start putting on your armour.
You continue putting on your +0 leather armour. x4
You finish putting on your +0 leather armour.
A dart slug is nearby!
You shoot a bolt. The bolt hits the dart slug!
You kill the dart slug!
You have reached level 2!
Your demonic ancestry asserts itself...
A pair of horns grows on your head!
Are you sure you want to abandon this character and quit the game? (Confirm with "yes".)

### #. #.. #. #.# .# #.#
.. #.# #. ###.# #. ..#.#
#.##.######## #.#.#
#....@......# #.#..
#..#.######.# #.#.# #
...######.# #....
............########.#
.((♣..♣...#.............
(. ..(....#...########..
. ...! .♣...#..[........
...........[..#######..
.....###.# #..


There were no monsters in sight!

Vanquished Creatures
  A dart slug (D:1)
  2 leopard geckos (D:1)
  A hobgoblin (D:1)
  A bat (D:1)
  A rat (D:1)
6 creatures vanquished.

Notes
Turn   | Place    | Note
-------+----------+-------------------------------------------
     0 | D:1      | Chiseanne the Demonspawn Wanderer began the quest for the
                  | Orb.
     0 | D:1      | Chiseanne set off with the following items: a +2 hand
                  | crossbow, 20 bolts, a +0 hand axe, a potion of curing, a +0
                  | robe, a +0 dagger
     0 | D:1      | Reached XP level 1. HP: 15/15 MP: 1/1
   454 | D:1      | Gained mutation: You have a pair of small horns on your
                  | head. [demonic ancestry]
   454 | D:1      | Reached XP level 2. HP: 21/21 MP: 1/3
   454 | D:1      | Quit the game

Illustrated notes

Levels and vault maps discovered:
D:1:      scummos_arrival_forest, layout_loops_ring, minmay_misc_feat_plants,
          minmay_lizard_pond

Skill      XL: |  1 |
---------------+----+-----
Dodging        | 2 |  2.0
Fighting       | |  1.4
Crossbows      | |  2.6
Armour         | |  1.0
Stealth        | |  1.7
Shields        | |  1.0
Spellcasting   | |  0.7

Action                   || total
-------------------------++-------
 Fire: Hand crossbow     ||    17
Armor: Robe              ||     4
Dodge: Dodged            ||     8

Table legend: (Time is in decaauts)
 A = Elapsed time spent in this place.
 B = Non-inter-level travel time spent in this place.
 C = Inter-level travel time spent in this place.
 D = Time resting spent in this place.
 E = Time spent auto-exploring this place.
 F = Levels seen in this place.
 G = Mean time per level.
                   A        B        C        D        E       F      G
               +--------+--------+--------+--------+--------+-----+--------+
         Total |    460 |    460 |      0 |    267 |    119 |   1 |  460.0 |
       Dungeon |    460 |    460 |      0 |    267 |    119 |   1 |  460.0 |
               +--------+--------+--------+--------+--------+-----+--------+

Top non-repeatable levels by time:
     D:1: 460 daAuts
